Map: Oxide LE

Players

TeebuL - Winner!

  • Race: Protoss Protoss
  • League: Gold

Seither

  • Race: Terran Terran
  • League: Grandmaster

Event: DreamHack SC2 Masters 2021 Summer

VOD

Have the link to the VOD?

Description

Time

  • Played on: May 21, 2021, 5:21 a.m.
  • Length: 11:38

All games in this series

Show
View Real Time Build Order
Export as new Build Order

TeebuL Protoss - Winner!

Build Orders: 1 Gate Expand, Zealot Archon, Dark Templar Rush 

Get SALT Encoding   

  12  0:00  Probe  
  13  0:12  Probe  
  14  0:17  Pylon  
  14  0:24  Probe (Chrono Boost)  
  15  0:36  Probe (Chrono Boost)  
  15  0:37  Gateway  
  16  0:44  Probe (Chrono Boost)  
  16  0:48  Assimilator  
  17  0:51  Probe  
  18  1:03  Probe  
  19  1:15  Probe  
  20  1:25  Cybernetics Core  
  21  1:36  Nexus  
  20  1:42  Pylon  
  20  1:44  Probe  
  21  1:51  Assimilator  
  21  1:56  Probe  
  21  1:58  Adept (Chrono Boost)  
  24  2:08  Probe  
  25  2:16  Twilight Council  
  25  2:18  Warp Gate (Chrono Boost)  
  25  2:20  Probe  
  26  2:32  Probe  
  27  2:48  Probe x2 (Chrono Boost)  
  29  2:52  Dark Shrine  
  29  2:58  Probe (Chrono Boost)  
  31  2:59  Gateway  
  31  3:00  Probe (Chrono Boost)  
  31  3:03  Pylon  
  31  3:06  Probe  
  31  3:09  Probe  
  33  3:18  Probe  
  34  3:21  Probe (Chrono Boost)  
  34  3:22  Gateway  
  35  3:33  Probe (Chrono Boost)  
  37  3:36  Probe (Chrono Boost)  
  37  3:40  Probe (Chrono Boost)  
  38  3:43  Probe (Chrono Boost)  
  38  3:47  Probe  
  39  3:54  Probe  
  41  4:00  Probe  
  42  4:06  Pylon, Probe, Dark Templar x2  
  47  4:12  Probe  
  47  4:13  Nexus  
  48  4:18  Probe, Dark Templar  
  48  4:24  Probe  
  52  4:30  Probe  
  53  4:32  Assimilator  
  53  4:34  Assimilator  
  53  4:36  Probe  
  54  4:42  Stalker x2, Probe  
  59  4:50  Probe (Chrono Boost)  
  55  4:54  Probe (Chrono Boost)  
  55  4:56  Stalker  
  58  5:04  Probe (Chrono Boost)  
  58  5:05  Probe (Chrono Boost)  
  57  5:09  Probe (Chrono Boost)  
  57  5:12  Probe  
  57  5:14  Charge  
  59  5:15  Stalker  
  59  5:18  Pylon  
  59  5:21  Pylon, Probe  
  62  5:24  Probe  
  62  5:25  Forge  
  62  5:27  Pylon  
  64  5:36  Pylon  
  64  5:40  Adept x3  
  64  5:42  Probe  
  70  5:43  Probe  
  71  5:51  Shield Battery  
  71  5:52  Archon  
  71  5:53  Pylon  
  71  5:57  Protoss Ground Weapons Level 1 (Chrono Boost)  
  71  6:02  Adept x3  
  71  6:03  Probe  
  71  6:04  Probe  
  59  6:15  Probe (Chrono Boost)  
  59  6:16  Probe (Chrono Boost)  
  61  6:21  Probe (Chrono Boost)  
  64  6:26  Probe x2 (Chrono Boost)  
  64  6:27  Templar Archives  
  64  6:29  Probe (Chrono Boost)  
  64  6:31  Probe x2 (Chrono Boost)  
  66  6:33  Sentry  
  66  6:34  Sentry  
  66  6:37  Probe  
  72  6:40  Gateway  
  72  6:44  Probe  
  73  6:47  Probe, Gateway  
  73  6:49  Probe  
  73  6:51  Gateway  
  73  6:53  Gateway  
  75  6:57  Gateway  
  75  6:58  Probe, Psionic Storm, Phoenix  
  76  7:02  Pylon  
  76  7:03  Sentry  
  76  7:07  Pylon  
  78  7:11  Zealot  
  80  7:16  Zealot  
  80  7:22  Probe x2  
  84  7:23  Probe  
  84  7:27  High Templar  
  87  7:34  Pylon, Probe x2, High Templar, Photon Cannon  
  87  7:36  High Templar x2  
  95  7:39  Probe  
  96  7:45  Zealot  
  96  7:46  Probe  
  96  7:48  Zealot x2  
  103  7:57  Probe  
  104  8:00  Stalker x2  
  104  8:02  Pylon  
  104  8:04  Pylon  
  104  8:05  Photon Cannon  
  108  8:06  Pylon  
  108  8:07  Zealot x2  
  108  8:10  Zealot x2  
  112  8:15  Probe  
  112  8:18  Protoss Ground Weapons Level 2 (Chrono Boost)  
  107  8:23  Probe  
  107  8:24  Probe  
  108  8:27  Probe  
  108  8:31  High Templar x2  
  108  8:32  Pylon, Zealot x4  
  120  8:35  Archon  
  120  8:37  Assimilator, Probe  
  120  8:38  Assimilator, Probe  
  120  8:40  Probe  
  123  8:42  Pylon  
  123  8:47  Robotics Facility  
  123  8:51  Pylon  
  123  8:53  Zealot x5  
  131  8:59  High Templar  
  129  9:18  Zealot x7  
  137  9:26  Blink  
  137  9:27  Probe x3  
  124  9:36  Stalker  
  126  9:39  Stalker x5  
  126  9:42  Zealot x2  
  128  10:08  Zealot x8  
  144  10:15  Nexus  
  132  10:31  Stalker x5  
  138  10:37  Stalker x2  
  128  10:54  Robotics Facility, Robotics Bay  
  126  11:00  Archon  
  126  11:09  Zealot x7  
  126  11:10  Zealot  
  142  11:15  Archon  
Show
View Real Time Build Order
Export as new Build Order

Seither Terran 

Build Orders:  

Get SALT Encoding   

  12  0:00  SCV  
  13  0:12  SCV  
  14  0:17  Supply Depot  
  14  0:24  SCV  
  15  0:39  SCV  
  15  0:41  Barracks  
  16  0:44  Refinery  
  16  0:51  SCV  
  17  1:03  SCV  
  18  1:15  SCV  
  19  1:28  Orbital Command, Marine  
  20  1:48  Command Center  
  20  1:56  Factory  
  20  1:57  SCV  
  21  2:03  Barracks Reactor  
  21  2:09  Supply Depot  
  21  2:12  SCV  
  22  2:19  Bunker  
  22  2:24  SCV  
  22  2:27  Refinery  
  23  2:36  SCV  
  24  2:41  Marine x2  
  24  2:42  Widow Mine  
  28  2:48  SCV  
  29  2:52  Starport  
  29  3:00  Marine, SCV  
  29  3:01  Marine  
  32  3:09  Orbital Command  
  32  3:14  Widow Mine  
  32  3:16  SCV  
  35  3:26  Marine x2  
  37  3:29  Medivac  
  37  3:31  SCV  
  40  3:35  Supply Depot  
  40  3:39  Widow Mine  
  40  3:41  SCV  
  43  3:43  SCV  
  43  3:45  Marine x2  
  46  3:53  Supply Depot  
  46  3:57  SCV x2  
  46  4:01  Starport Tech Lab, Factory Tech Lab  
  48  4:04  Marine x2  
  48  4:09  SCV x2  
  52  4:12  Barracks  
  52  4:21  Raven, SCV x2  
  52  4:23  Supply Depot  
  56  4:27  Siege Tank  
  58  4:33  SCV x2  
  58  4:34  Marine x2  
  56  4:45  SCV  
  44  5:01  SCV x2  
  44  5:14  Marine x2, SCV x2  
  48  5:25  Marine  
  49  5:31  Marine  
  49  5:32  SCV x2  
  52  5:44  Siege Tank  
  52  5:45  SCV x2  
  57  5:53  Bunker  
  49  6:04  Marine x3  
  49  6:05  SCV x2  
  52  6:12  Stimpack  
  52  6:13  Starport Reactor  
  52  6:17  SCV x2  
  53  6:18  Barracks  
  53  6:24  Marine x3  
  51  6:29  SCV x2  
  51  6:31  Factory Reactor  
  52  6:37  Engineering Bay  
  52  6:41  SCV x2  
  52  6:42  Supply Depot  
  52  6:44  Marauder, Marine x2  
  58  6:51  Refinery  
  58  6:55  SCV x2  
  58  6:57  Medivac x2  
  64  7:03  Supply Depot  
  64  7:07  SCV  
  65  7:09  Marine  
  65  7:10  Marine  
  65  7:11  Marauder  
  65  7:14  Supply Depot  
  69  7:16  Terran Infantry Weapons Level 1  
  69  7:18  SCV  
  69  7:20  SCV  
  69  7:22  Widow Mine  
  73  7:24  Widow Mine  
  73  7:26  Supply Depot  
  75  7:35  Combat Shield  
  75  7:36  Marine x2  
  77  7:37  SCV x2  
  77  7:41  Refinery  
  79  7:45  Supply Depot  
  79  7:46  Marauder  
  79  7:49  Marauder  
  83  7:51  SCV x2  
  83  7:56  Marine x2  
  83  7:57  Supply Depot  
  87  7:59  Concussive Shells  
  87  8:04  SCV x2  
  87  8:14  Marauder x2  
  87  8:15  Widow Mine  
  87  8:16  Widow Mine, SCV x2  
  97  8:25  Supply Depot  
  91  8:29  SCV x2  
  91  8:30  Marine x2  
  91  8:32  Medivac  
  91  8:33  Medivac  
  99  8:39  Widow Mine x2  
  99  8:40  Marauder x2  
  107  8:42  Supply Depot  
  106  8:58  Marine x2  
  106  9:01  Marauder x2, Supply Depot  
  110  9:15  Widow Mine x2  
  110  9:16  Marine x2  
  107  9:22  Marauder  
  107  9:23  Marauder  
  93  9:34  Marine  
  94  9:40  Command Center  
  94  9:41  SCV x2  
  94  9:44  Marauder x2  
  92  9:54  Medivac, Widow Mine x2  
  90  10:19  Marauder x2, Marine x2  
  89  10:24  Widow Mine x2  
  89  10:25  Medivac x2  
  89  10:37  Marine x2  
  89  10:41  Marauder x2  
  72  10:52  SCV x2  
  72  10:55  Orbital Command  
  73  11:09  Marine  
  73  11:10  Marauder x2  
Tags
 
Add a new tag
Caveats
  • Supply blocks, unpowered buildings, or Contaminate may cause inaccurate times.
  • Supply counts are checked every 10 seconds.